 Dungeon Crawl Stone Soup version 0.28-a0-48-gfd831c5874 (webtiles) character file.

Game seed: 11593849771477844504

23 Spectrina the Sneak (level 2, 0/18 HPs)
             Began as a Deep Elf Delver on July 29, 2021.
             Was a Follower of Uskayaw.
             Slain by a killer bee zombie (1 damage)
             ... on level 3 of the Dungeon.
             The game lasted 00:05:09 (494 turns).

Spectrina the Sneak (Deep Elf Delver)                Turns: 494, Time: 00:05:09

Health: 0/18       AC:  3    Str:  9    XL:     2   Next: 72%
Magic:  7/7        EV: 12    Int: 14    God:    Uskayaw [*.....]
Gold:   72         SH:  0    Dex: 16    Spells: 4/6 levels left

rFire   . . .      SeeInvis .   m - +0 quarterstaff
rCold   . . .      Faith    .   (shield currently unavailable)
rNeg    . . .      Spirit   .   b - +0 leather armour
rPois   .          Reflect  .   (no helmet)
rElec   .          Harm     .   (no cloak)
rCorr   .          Rampage  .   (no gloves)
Will    .....                   (no boots)
Stlth   +++.......              (no amulet)
HPRegen 0.06/turn               (no ring)
MPRegen 0.10/turn               (no ring)

@: no status effects
A: no striking features
a: Renounce Religion, Stomp


You were on level 3 of the Dungeon.
You worshipped Uskayaw.
Uskayaw was noncommittal.
You visited 1 branch of the dungeon, and saw 4 of its levels.

You collected 72 gold pieces.

Inventory:

Hand Weapons
 a - a +0 short sword
 m - a +0 quarterstaff (weapon)
Missiles
 j - 43 sling bullets
Armour
 b - a +0 leather armour (worn)
Wands
 g - a wand of digging (3)
Scrolls
 c - a scroll of fog
 d - a scroll of magic mapping
 e - a scroll of fear
 h - a scroll of amnesia {unknown}
 i - a scroll of summoning {unknown}
 k - 2 scrolls of enchant weapon {unknown}
 n - a scroll of identify {unknown}
Potions
 f - a potion of haste


   Skills:
 - Level 2.4 Fighting
 - Level 2.0 Short Blades
 - Level 2.4 Dodging
 - Level 6.0 Stealth
 + Level 2.7 Spellcasting
 + Level 0.6 Translocations
 * Level 0.8 Invocations


You had 4 spell levels left.
You knew the following spells:

 Your Spells              Type           Power      Damage    Failure   Level
b - Blink                 Tloc           N/A        N/A       34%         2

Your spell library contained the following spells:

 Spells                   Type           Power      Damage    Failure   Level
 Lesser Beckoning         Tloc           1%         N/A       56%         3
 Manifold Assault         Tloc           3%         N/A       100%        5


Dungeon Overview and Level Annotations

Branches:
Dungeon (5/15)
 Temple: D:4-7

Altars:
Uskayaw

Annotations:
D:2 Terence
D:5 1 runed translucent door


Message History

You kill the endoplasm!
You hit the orc.
The orc is moderately wounded.
The orc hits you but does no damage. The orc barely misses you.
You can now pass through a line of other dancers.
You thump the orc!
You kill the orc!
You see here a +0 club.
You can no longer pass through a line of other dancers.
An endoplasm comes into view.
The endoplasm quivers.
You hit the endoplasm.
The endoplasm is severely wounded.
The endoplasm freezes you.
You are frozen.
You thump the endoplasm!
You kill the endoplasm!
A killer bee zombie comes into view.
The killer bee zombie misses you.
Okay, then.
You closely miss the killer bee zombie.
The killer bee zombie barely misses you.
The killer bee zombie hits you.
* * * LOW HITPOINT WARNING * * *
You closely miss the killer bee zombie.
The killer bee zombie hits you but does no damage.
The killer bee zombie closely misses you.
The killer bee zombie misses you.
Okay, then.
Okay, then.
You hit the killer bee zombie but do no damage.
The killer bee zombie misses you. The killer bee zombie hits you.
* * * LOW HITPOINT WARNING * * *
Okay, then.
As you read the scroll labelled GYPPEQ NY LIT, it crumbles to dust.
You hear a loud clanging noise!
It was a scroll of noise.
You hear a shout! x2
The killer bee zombie hits you.
You die...

............#..#
#.
######.#......#
#. #...#...##.#
#. #.###......#
#. #)# #..#.####
#. #.# #..#.....
#. #.# #........
#.#.#####.#
#.#######
#...@..##.# #..
###Z##.##.# ###
#. #.##.# #.
#.##.# #. #.##.#
#. #....# #.
###### #.


You could see a killer bee zombie.

Vanquished Creatures
  An adder (D:2)
  An orc (D:3)
  3 endoplasms (D:3)
  A giant cockroach (D:3)
  A jackal (D:2)
  A quokka (D:3)
  A ball python (D:3)
  A bat (D:3)
  A kobold (D:2)
  A rat (D:2)
12 creatures vanquished.

Notes
Turn   | Place    | Note
-------+----------+-------------------------------------------
     0 | D:5      | Spectrina the Deep Elf Delver began the quest for the Orb.
     0 | D:5      | Reached XP level 1. HP: 13/13 MP: 3/3
    79 | D:5      | Noticed a jelly
    87 | D:4      | Noticed a hound
   132 | D:5      | Found a runed translucent door.
   155 | D:4      | Noticed a phantom
   219 | D:2      | Noticed Terence
   253 | D:2      | Found a faded altar of an unknown god.
   260 | D:2      | Reached XP level 2. HP: 8/18 MP: 4/7
   264 | D:2      | Learned a level 2 spell: Blink
   325 | D:2      | Became a worshipper of Uskayaw the Reveller
   325 | D:2      | Reached * piety under Uskayaw
   418 | D:3      | Reached ** piety under Uskayaw
   422 | D:3      | Reached *** piety under Uskayaw
   494 | D:3      | Slain by a killer bee zombie

Illustrated notes

Levels and vault maps discovered:
D:2:      layout_loops_corners, chequers_ecumenical_altar_island,
          kennysheep_boxes, uniq_terence
D:3:      layout_basic, uniq_crazy_yiuf_cottage
D:4:      layout_basic, chequers_big_river
D:5:      layout_basic, serial_shops, shop, ebering_ghost_sewer_d

Skill      XL: |  1 |
---------------+----+-----
Spellcasting   | 2 |  2.7
Fighting       | |  2.4
Short Blades   | |  2.0
Dodging        | |  2.4
Stealth        | |  6.0
Translocations | |  0.6
Invocations    | |  0.8

Action                   || total
-------------------------++-------
Melee: Quarterstaff      ||    36
       Short sword       ||     1
  Use: Scroll            ||     1
 Stab: Sleeping          ||     2
Armor: Leather armour    ||    12
Dodge: Dodged            ||    23

Table legend: (Time is in decaauts)
 A = Elapsed time spent in this place.
 B = Non-inter-level travel time spent in this place.
 C = Inter-level travel time spent in this place.
 D = Time resting spent in this place.
 E = Time spent auto-exploring this place.
 F = Levels seen in this place.
 G = Mean time per level.
                   A        B        C        D        E       F      G
               +--------+--------+--------+--------+--------+-----+--------+
         Total |    515 |    515 |      0 |      0 |      0 |   4 |  128.8 |
       Dungeon |    515 |    515 |      0 |      0 |      0 |   4 |  128.8 |
               +--------+--------+--------+--------+--------+-----+--------+

Top non-repeatable levels by time:
     D:2: 205 daAuts
     D:5: 150 daAuts
     D:3: 128 daAuts
     D:4: 31 daAuts
